 Dungeon Crawl Stone Soup version 0.25-a0-558-g78a2afb0af (webtiles) character file.

Game seed: 3466596635970542544, levelgen mode: deterministic

407 RedPan the Fighter (level 6, 0/57 HPs)
             Began as a Gnoll Wanderer on Feb 24, 2020.
             Slain by a jackal (1 damage)
             ... on level 4 of the Dungeon.
             The game lasted 00:06:52 (3999 turns).

RedPan the Fighter (Gnoll Wanderer)                 Turns: 3999, Time: 00:06:53

Health: 0/57       AC: 13    Str: 15    XL:     6   Next: 88%
Magic:  9/9        EV:  5    Int: 12    God:
Gold:   297        SH:  0    Dex: 16    Spells: 9/9 levels left

rFire    . . .     SeeInvis .   m - +1 halberd
rCold    . . .     Gourm    .   (shield currently unavailable)
rNeg     . . .     Faith    .   h - +1 plate armour
rPois    +         Spirit   .   (no helmet)
rElec    .         Reflect  .   (no cloak)
rCorr    .         Harm     .   p - +0 pair of gloves
MR       .....                  (no boots)
Stlth    ..........             (no amulet)
HPRegen  0.59/turn              o - ring of flight
MPRegen  0.11/turn              c - ring of poison resistance

@: no status effects
A: distributed training, fangs 1, dopey 1, poison resistance, regeneration 1,
strong nose
a: Evoke Flight


You were on level 4 of the Dungeon.
You were very hungry.

You visited 2 branches of the dungeon, and saw 5 of its levels.

You collected 297 gold pieces.

Inventory:

Hand Weapons
 a - a +0 spear
 m - a +1 halberd (weapon)
Missiles
 i - 21 poisoned darts (quivered)
Armour
 h - a +1 plate armour (worn)
 p - a +0 pair of gloves (worn)
Jewellery
 c - a ring of poison resistance (right hand)
 o - a ring of flight (left hand)
Wands
 l - a wand of iceblast (9)
Scrolls
 d - 6 scrolls of identify
 e - 2 scrolls of enchant armour
Potions
 g - a potion of flight
 j - 2 potions of brilliance
Miscellaneous
 b - a fan of gales
Comestibles
 f - 4 rations


   Skills:
 + Level 8.8 Fighting
 + Level 2.1 Short Blades
 + Level 2.1 Long Blades
 + Level 3.3 Axes
 + Level 2.1 Maces & Flails
 + Level 2.1 Polearms
 + Level 5.0 Staves
 + Level 2.1 Slings
 + Level 2.1 Bows
 + Level 2.1 Crossbows
 + Level 2.1 Throwing
 + Level 2.1 Armour
 + Level 3.3 Dodging
 + Level 3.2 Stealth
 + Level 2.1 Shields
 + Level 2.1 Unarmed Combat
 + Level 2.1 Spellcasting
 + Level 1.6 Conjurations
 + Level 1.6 Hexes
 + Level 1.6 Charms
 + Level 1.6 Summonings
 + Level 1.6 Necromancy
 + Level 1.6 Translocations
 + Level 1.6 Transmutations
 + Level 1.6 Fire Magic
 + Level 1.6 Ice Magic
 + Level 1.6 Air Magic
 + Level 1.6 Earth Magic
 + Level 1.6 Poison Magic
 + Level 2.3 Invocations
 + Level 3.3 Evocations


You had 9 spell levels left.
You didn't know any spells.
Your spell library was empty.

Dungeon Overview and Level Annotations

Branches:
Dungeon (4/15)             Temple (1/1) D:4

Altars:
Ashenzari
Elyvilon
Fedhas
Gozag
Hepliaklqana
Kikubaaqudgha
Makhleb
Nemelex Xobeh
Trog
Uskayaw
Vehumet
Wu Jian
Xom
Yredelemnul
Zin


Innate Abilities, Weirdness & Mutations

Your experience applies equally to all skills.
You have very sharp teeth.
Your uncanny sense of smell can sniff out nearby items.
You are dopey. (Int -2)
Your system is resistant to poisons. (rPois)
Your natural rate of healing is unusually fast.


Message History

Your plate armour prevents you from hitting the jackal.
The jackal bites you.
* * * LOW HITPOINT WARNING * * *
The jackal bites you but does no damage. x5
The jackal bites you.
* * * LOW HITPOINT WARNING * * *
The jackal closely misses you.
You hit the jackal but do no damage. Your bite misses the jackal.
The jackal bites you.
* * * LOW HITPOINT WARNING * * *
The jackal barely misses you. x2; The jackal closely misses you.
The jackal bites you but does no damage. x4
Unknown command.
You puncture the jackal!
You kill the jackal!
The jackal bites you but does no damage. x2
The jackal barely misses you.
The jackal bites you but does no damage.
The jackal bites you.
You die...

#... ..? ... ##### .o
.#.... h# ...#...
##+##.########## ....#...
#.....#)@)##...##....#...
#....†)hhh...........+...
#....#))o............#...
#... #...............#)..
### ##...#....########..
#######..###..###..
#.........#...
#.........#...
#.........#...


You could see an orc and 3 jackals.

Vanquished Creatures
  A scorpion (D:4)
  2 orc priests (D:4)
  3 orc wizards (D:4)
  Terence (D:2)
  4 gnolls (D:2)
  4 adders
  An ooze (D:4)
  5 worms
  2 dart slugs (D:3)
  A leopard gecko (D:4)
  16 orcs
  5 bats
  7 goblins
  7 hobgoblins
  7 jackals (D:4)
  A quokka (D:2)
  A ball python (D:3)
  4 frilled lizards
  5 kobolds
  A leopard gecko skeleton (D:4)
  8 rats
86 creatures vanquished.

Notes
Turn   | Place    | Note
-------+----------+-------------------------------------------
     0 | D:1      | RedPan the Gnoll Wanderer began the quest for the Orb.
     0 | D:1      | RedPan set off with the following items: a +0 spear, a fan
                  | of gales, a potion of curing, a +0 robe, a ration
     0 | D:1      | Reached XP level 1. HP: 26/26 MP: 2/2
   219 | D:1      | Reached XP level 2. HP: 30/33 MP: 3/3
   574 | D:2      | Reached XP level 3. HP: 29/38 MP: 4/4
   594 | D:2      | HP: 1/38 [gnoll/+0 spear (7)]
   615 | D:2      | HP: 1/38 [rat (2)]
   976 | D:2      | Reached skill level 1 in Invocations
  1013 | D:2      | Found a basalt altar of Yredelemnul.
  1135 | D:2      | Reached skill level 1 in Short Blades
  1135 | D:2      | Reached skill level 1 in Long Blades
  1135 | D:2      | Reached skill level 1 in Maces & Flails
  1135 | D:2      | Reached skill level 1 in Polearms
  1135 | D:2      | Reached skill level 1 in Slings
  1135 | D:2      | Reached skill level 1 in Bows
  1135 | D:2      | Reached skill level 1 in Crossbows
  1135 | D:2      | Reached skill level 1 in Throwing
  1135 | D:2      | Reached skill level 1 in Armour
  1135 | D:2      | Reached skill level 1 in Shields
  1135 | D:2      | Reached skill level 1 in Unarmed Combat
  1135 | D:2      | Reached skill level 1 in Spellcasting
  1197 | D:2      | Noticed Terence
  1229 | D:2      | Killed Terence
  1229 | D:2      | Reached XP level 4. HP: 43/45 MP: 6/6
  1780 | D:2      | Reached skill level 1 in Conjurations
  1780 | D:2      | Reached skill level 1 in Hexes
  1780 | D:2      | Reached skill level 1 in Charms
  1780 | D:2      | Reached skill level 1 in Summonings
  1780 | D:2      | Reached skill level 1 in Necromancy
  1780 | D:2      | Reached skill level 1 in Translocations
  1780 | D:2      | Reached skill level 1 in Transmutations
  1780 | D:2      | Reached skill level 1 in Fire Magic
  1780 | D:2      | Reached skill level 1 in Ice Magic
  1780 | D:2      | Reached skill level 1 in Air Magic
  1780 | D:2      | Reached skill level 1 in Earth Magic
  1780 | D:2      | Reached skill level 1 in Poison Magic
  2482 | D:3      | Reached XP level 5. HP: 47/51 MP: 7/7
  2666 | D:3      | Found a sparkling altar of Nemelex Xobeh.
  2667 | D:3      | Found a radiant altar of Vehumet.
  2752 | D:3      | Found a shattered altar of Ashenzari.
  3083 | D:3      | Found a shimmering altar of Xom.
  3086 | D:3      | Found a shattered altar of Ashenzari.
  3089 | D:3      | Found a burning altar of Makhleb.
  3254 | D:4      | Reached XP level 6. HP: 52/57 MP: 8/8
  3543 | D:4      | Found a staircase to the Ecumenical Temple.
  3564 | Temple   | Entered the Ecumenical Temple
  3942 | D:4      | Reached skill level 5 in Staves
  3953 | D:4      | Gained mutation: Your system is resistant to poisons.
                  | (rPois) [potion of mutation]
  3953 | D:4      | Gained mutation: You are dopey. (Int -2) [potion of
                  | mutation]
  3953 | D:4      | Gained mutation: Your natural rate of healing is unusually
                  | fast. [potion of mutation]
  3978 | D:4      | HP: 2/57 [jackal (2)]
  3997 | D:4      | HP: 2/57 [jackal (1)]
  3999 | D:4      | Slain by a jackal

Levels and vault maps discovered:
D:1:      heliophobic_arrival_glass_houses, layout_basic
D:2:      layout_basic, lemuel_doored_altar, uniq_terence
D:3:      layout_loops_ring, grunt_temple_overflow_diamond,
          gammafunk_temple_overflow_pools, first_ration,
          nicolae_ashenzari_panopticon
D:4:      layout_gridville, minmay_temple_entry_sparse_star
Temple:   compressed_dpeg_triangle_lava_temple

Skill      XL: |  1  2  3  4  5  6 |
---------------+-------------------+-----
Invocations    | 1 2 |  2.3
Short Blades   | 1 2 |  2.1
Long Blades    | 1 2 |  2.1
Maces & Flails | 1 2 |  2.1
Polearms       | 1 2 |  2.1
Slings         | 1 2 |  2.1
Bows           | 1 2 |  2.1
Crossbows      | 1 2 |  2.1
Throwing       | 1 2 |  2.1
Armour         | 1 2 |  2.1
Shields        | 1 2 |  2.1
Unarmed Combat | 1 2 |  2.1
Spellcasting   | 1 2 |  2.1
Conjurations   | 1 |  1.6
Hexes          | 1 |  1.6
Charms         | 1 |  1.6
Summonings     | 1 |  1.6
Necromancy     | 1 |  1.6
Translocations | 1 |  1.6
Transmutations | 1 |  1.6
Fire Magic     | 1 |  1.6
Ice Magic      | 1 |  1.6
Air Magic      | 1 |  1.6
Earth Magic    | 1 |  1.6
Poison Magic   | 1 |  1.6
Axes           | 3 |  3.3
Dodging        | 3 |  3.3
Evocations     | 3 |  3.3
Stealth        | 3 |  3.2
Staves         | 5 |  5.0
Fighting       | |  8.8

Action                   |  1- 3 |  4- 6 || total
-------------------------+-------+-------++-------
Melee: Spear             |   108 |    35 ||   143
       Bite              |     8 |    24 ||    32
       Halberd           |       |   216 ||   216
Evoke: Fan of gales      |     1 |       ||     1
  Use: Scroll            |     2 |     9 ||    11
       Potion            |     1 |     2 ||     3
 Stab: Distracted        |       |     1 ||     1
  Eat: Chunk             |     1 |     8 ||     9
Armor: Plate armour      |    40 |   356 ||   396
       Robe              |     3 |       ||     3
Dodge: Dodged            |    20 |   101 ||   121

Table legend:
 A = Non-vault XP
 B = Vault XP
 C = Vault XP percentage of total XP
 D = Non-vault monster count
 E = Vault monster count
 F = Vault count percentage of total count
                 A         B        C        D         E       F
            +---------+---------+-------+---------+---------+-------
      Total |     546 |      36 |   6.2 |      85 |       1 |   1.2
            +---------+---------+-------+---------+---------+-------
        D:1 |      24 |       0 |   0.0 |      16 |       0 |   0.0
        D:2 |      87 |      36 |  29.3 |      14 |       1 |   6.7
        D:3 |     113 |       0 |   0.0 |      32 |       0 |   0.0
        D:4 |     322 |       0 |   0.0 |      23 |       0 |   0.0
            +---------+---------+-------+---------+---------+-------
